 Dungeon Crawl Stone Soup version 0.22-a0-354-g30dfbe6 (webtiles) character file.

18 4thArraOfDagon the Skirmisher (level 2, 0/23 HPs)
             Began as a Demonspawn Wanderer on Apr 16, 2018.
             Slain by a hobgoblin
             ... wielding a +2 long sword of holy wrath
              (6 damage)
             ... on level 2 of the Dungeon.
             The game lasted 00:01:31 (416 turns).

4thArraOfDagon the Skirmisher (Demonspawn Wanderer)  Turns: 416, Time: 00:01:32

Health: 0/23       AC:  2    Str: 12    XL:     2   Next: 48%
Magic:  3/3        EV: 11    Int: 13    God:
Gold:   34         SH:  0    Dex: 12    Spells: 3/3 levels left

rFire    . . .     SeeInvis .   b - +0 quarterstaff
rCold    . . .     Gourm    .   (shield currently unavailable)
rNeg     . . .     Faith    .   d - +0 robe
rPois    .         Spirit   .   (no helmet)
rElec    .         Reflect  .   (no cloak)
rCorr    .         Harm     .   (no gloves)
MR       .....                  (no boots)
Stlth    +.........             (no amulet)
HPRegen  0.07/turn              (no ring)
MPRegen  0.08/turn              (no ring)

@: no status effects
A: powered by death 1
a: no special abilities


You were on level 2 of the Dungeon.
You were not hungry.

You visited 1 branch of the dungeon, and saw 2 of its levels.

You collected 34 gold pieces.

Inventory:

Hand Weapons
 b - a +0 quarterstaff (weapon)
 c - a +0 spear
Armour
 d - a +0 robe (worn)
Scrolls
 g - a scroll of immolation {unknown}
 h - a scroll of teleportation {unknown}
Potions
 a - a potion of flight {unknown}
 e - a potion of haste {unknown}
 i - a potion of ambrosia {unknown}
Comestibles
 f - 3 rations


   Skills:
 + Level 2.9 Fighting
 - Level 1.7(1.9) Polearms
 + Level 0.7(1.4) Staves
 - Level 1.0 Dodging
   Level 1.0 Shields
 - Level 1.0 Spellcasting
   Level 1.0 Fire Magic
   Level 1.0 Earth Magic
   Level 1.0 Evocations


You had 3 spell levels left.
You didn't know any spells.

Dungeon Overview and Level Annotations

Branches:
Dungeon (2/15)

Altars:
Makhleb


Innate Abilities, Weirdness & Mutations

You regenerate a little health from kills.


Message History

A hobgoblin comes into view.
It is wielding a long sword of holy wrath.
There is an open door here.
The hobgoblin shouts!
Unknown command.
You barely miss the hobgoblin.
The hobgoblin hits you with a long sword of holy wrath!
You convulse!
* * * LOW HITPOINT WARNING * * *
You hit the hobgoblin but do no damage.
The hobgoblin hits you but does no damage.
You are too injured to fight recklessly!
You hit the hobgoblin.
The hobgoblin is severely wounded.
The hobgoblin closely misses you.
You are too injured to fight recklessly!
You barely miss the hobgoblin.
The hobgoblin is severely wounded.
The hobgoblin closely misses you.
The hobgoblin hits you with a long sword of holy wrath.
You die...

....###.#####.. ###.
#.# # #.# # ##'##
#.##...## #.#.....##
#.###........## #.#
..............####....#
........†.....'@g......
..###.........####.....
# ##.......## .##
##.....## ##...## ##+##


You could see a hobgoblin.

Vanquished Creatures
  A dart slug (D:1)
  A leopard gecko (D:1)
  A ball python (D:2)
  2 goblins
  3 hobgoblins (D:2)
  2 bats
  4 kobolds
14 creatures vanquished.

Notes
Turn   | Place    | Note
-------+----------+-------------------------------------------
     0 | D:1      | 4thArraOfDagon the Demonspawn Wanderer began the quest for the Orb.
     0 | D:1      | 4thArraOfDagon set off with: a +0 quarterstaff, a +0 spear, a +0 robe, a ration
     0 | D:1      | Reached XP level 1. HP: 16/16 MP: 2/2
   148 | D:1      | Gained mutation: You regenerate a little health from kills. [demonic ancestry]
   148 | D:1      | Reached XP level 2. HP: 18/23 MP: 3/3
   198 | D:2      | Found a burning altar of Makhleb.
   416 | D:2      | Slain by a hobgoblin

Vault maps used:
D:1:      co_arrival_random_square_maze
D:2:      first_ration, serial_bayou_pond_d, bloody_makhleb

Action                   || total
-------------------------++-------
Melee: Quarterstaff      ||    35
 Stab: Sleeping          ||     1
Armor: Robe              ||     5
Dodge: Dodged            ||    32

Table legend:
 A = Spawn XP
 B = Non-spawn XP
 C = Spawn XP percentage of total XP
 D = Spawn monster count
 E = Non-spawn monster count
 F = Spawn count percentage of total count
 G = Total turns spent on level
                    A         B        C        D         E        F      G
               +---------+---------+-------+---------+---------+-------+---------
         Total |       0 |      26 |   0.0 |       0 |      14 |   0.0 |   416
               +---------+---------+-------+---------+---------+-------+---------
           D:1 |       0 |      12 |   0.0 |       0 |       6 |   0.0 |   193
           D:2 |       0 |      14 |   0.0 |       0 |       8 |   0.0 |   223
               +---------+---------+-------+---------+---------+-------+---------
